 Dungeon Sprint DCSS version 0.17-a0-2147-gfb20a63 (webtiles) character file.

96 Goblin1989 the Ruffian (level 4, -2/48 HPs)
             Began as a Troll Monk on Oct 24, 2015.
             Was a Believer of Makhleb.
             Slain by a gargoyle
             ... wielding a +0 mace
              (17 damage)
             ... in the Dungeon (Sprint IX: "|||||||||||||||||||||||||||||").
             The game lasted 00:01:52 (98 turns).

Goblin1989 the Ruffian (Troll Monk)                   Turns: 98, Time: 00:01:52

Health: -2/48      AC:  5    Str: 23    XL:     4   Next: 41%
Magic:  3/3        EV: 13    Int:  6    God:    Makhleb [**....]
Gold:   0          SH:  0    Dex: 12    Spells: 0 memorised, 3 levels left

rFire  . . .     SeeInvis .       - Unarmed
rCold  . . .     Clarity  .     a - +0 robe
rNeg   . . .     SustAt   .     (no shield)
rPois  .         Gourm    +     (helmet restricted)
rElec  .         Spirit   .     (no cloak)
rCorr  .         Warding  .     (gloves unavailable)
rMut   .         NoTele   +     (boots unavailable)
MR     .....                    (no amulet)
Stlth  +.........               n - +3 ring of strength
                                m - +2 ring of evasion

@: not resistant to hostile enchantments, very unstealthy
A: unfitting armour, claws 3, fast metabolism 3, gourmand, regeneration 2,
shaggy fur 1, tough skin 2
a: Minor Destruction, Renounce Religion


You were in the Dungeon.
You worshipped Makhleb.
Makhleb was pleased with you.
You were not hungry.

You visited 1 branch

Inventory:

Armour
 a - a +0 robe (worn)
Jewellery
 m - a +2 ring of evasion (left claw)
 n - a +3 ring of strength (right claw)
Wands
 l - a wand of cold (7)
Scrolls
 h - 2 scrolls of blinking
 j - 3 scrolls of remove curse
 k - 2 scrolls of amnesia
Potions
 c - 5 potions of curing
 d - 3 potions of heal wounds
 e - a potion of haste
 f - 4 potions of magic
 g - a potion of berserk rage
 i - a potion of invisibility
Comestibles
 b - 2 bread rations


   Skills:
 + Level 4.0 Fighting
 + Level 2.6 Armour
 + Level 4.0 Dodging
 - Level 1.1 Stealth
 * Level 7.0 Unarmed Combat


You had 3 spell levels left.
You didn't know any spells.

Dungeon Overview and Level Annotations

Branches:
Dungeon (1/1)

Altars:
Cheibriados
Dithmenos
Elyvilon
Fedhas
Gozag
Kikubaaqudgha
Makhleb
Nemelex Xobeh
Okawaru
Qazlal
Ru
Sif Muna
Trog
Vehumet
Xom
Yredelemnul
Zin
The Shining One
Beogh
Jiyva
Lugonu


Innate Abilities, Weirdness & Mutations

You are too large for most types of armour.
You have claws for hands.
Your metabolism is lightning-fast.
You like to eat raw meat.
You heal very quickly.
You are covered in fur (AC +1).
You have very tough skin (AC +2).


Message History

The wight is severely damaged.
The wight hits you with a short sword.
You barely miss the wight. Your claw misses the wight.
The wight is severely damaged.
The wight hits you with a short sword.
You feel drained.
You scratch the wight.
The wight is almost destroyed.
The wight hits you but does no damage.
You scratch the wight.
You destroy the wight!
Makhleb accepts your kill.
Your base Fighting skill increases to level 4!
Your base Dodging skill increases to level 4!
Your base Unarmed Combat skill increases to level 7!
You have reached level 4!
Your life force feels restored.
You scratch the gargoyle but do no damage.
The gargoyle hits you with a mace!!
You barely miss the gargoyle. The gargoyle hits you with a mace!
You die...

▓+▓
▓.▓
▓h▓
▓O▓
▓l▓
▓c▓
▓9▓
▓@▓
▓.▓
▓.▓
▓[▓
▓[▓
▓[▓
▓)▓
▓|▓
▓.▓


You could see a gargoyle, an ogre, a centaur, an iguana and a hound.

Vanquished Creatures
  A wight (D)
  A hound (D)
  2 adders (D)
  2 bats (D)
  A bat zombie (D)
  A giant cockroach (D)
  A hobgoblin (D)
  A giant gecko skeleton (D)
  A goblin (D)
11 creatures vanquished.

Notes
Turn   | Place    | Note
--------------------------------------------------------------
     0 | D        | Goblin1989 the Troll Monk began the quest for the Orb.
     0 | D        | Reached XP level 1. HP: 22/22 MP: 0/0
    24 | D        | Noticed a hound
    27 | D        | Killed a hound
    27 | D        | Reached skill level 1 in Armour
    27 | D        | Reached skill level 5 in Unarmed Combat
    27 | D        | Reached XP level 2. HP: 28/31 MP: 1/1
    27 | D        | Reached XP level 3. HP: 33/37 MP: 2/2
    34 | D        | Reached skill level 6 in Unarmed Combat
    47 | D        | Found a glowing silver altar of Zin.
    47 | D        | Found a glowing golden altar of the Shining One.
    47 | D        | Found an ancient bone altar of Kikubaaqudgha.
    47 | D        | Found a basalt altar of Yredelemnul.
    47 | D        | Found a shimmering altar of Xom.
    47 | D        | Found a radiant altar of Vehumet.
    48 | D        | Found an iron altar of Okawaru.
    49 | D        | Found a burning altar of Makhleb.
    50 | D        | Found a deep blue altar of Sif Muna.
    51 | D        | Found a bloodstained altar of Trog.
    52 | D        | Found a sparkling altar of Nemelex Xobeh.
    53 | D        | Found a white marble altar of Elyvilon.
    54 | D        | Found a roughly hewn altar of Beogh.
    55 | D        | Found a viscous altar of Jiyva.
    56 | D        | Found a corrupted altar of Lugonu.
    57 | D        | Became a worshipper of Makhleb the Destroyer
    57 | D        | Reached * piety under Makhleb
    57 | D        | Reached ** piety under Makhleb
    58 | D        | Found a blossoming altar of Fedhas.
    59 | D        | Found a snail-covered altar of Cheibriados.
    60 | D        | Found a shadowy altar of Dithmenos.
    61 | D        | Found a stormy altar of Qazlal.
    62 | D        | Found an opulent altar of Gozag.
    63 | D        | Found a sacrificial altar of Ru.
    89 | D        | Noticed a hound
    89 | D        | Noticed an ogre
    89 | D        | Noticed an iguana
    89 | D        | Noticed a centaur
    89 | D        | Noticed a gargoyle
    89 | D        | Noticed a wight
    96 | D        | Killed a wight
    96 | D        | Reached skill level 7 in Unarmed Combat
    96 | D        | Reached XP level 4. HP: 32/48 MP: 3/3
    98 | D        | Slain by a gargoyle

Vault maps used:
D:        linesprint

Action                   |  1- 3 |  4- 6 || total
-------------------------+-------+-------++-------
Melee: Unarmed           |    35 |     2 ||    37
 Stab: Sleeping          |     1 |       ||     1
